 Dungeon Crawl Stone Soup version 0.31-a0-844-gdc52ec4e09 (webtiles) character file.

Game seed: 7737746952220690251

371200 freelancePsychic the Gnoll Aeon (level 22, -2/176 HPs)
             Began as a Gnoll Air Elementalist on Sept 27, 2023.
             Was the Champion of Cheibriados.
             Killed from afar by an ancient lich (85 damage)
             ... with a crystal spear
             ... on level 5 of the Vaults on Sept 28, 2023.
             The game lasted 01:18:13 (42560 turns).

freelancePsychic the Gnoll Aeon (GnAE)             Turns: 42560, Time: 01:18:13

Health: -2/176     AC: 28    Str: 27    XL:     22   Next: 67%
Magic:  32/51      EV: 32    Int: 43    God:    Cheibriados [******]
Gold:   3383       SH: 23    Dex: 37    Spells: 23/53 levels left

rFire   + + .        w - +3 greatsling "Punk" {acid, rCorr}
rCold   + . .        E - +5 kite shield {rF+}
rNeg    + + +        i - +8 ring mail of Exclusion {rN+ Regen+ Str+4}
rPois   .            G - +1 hat of Negation {MP+9 Dex+3}
rElec   +            M - +2 cloak {rC+}
rCorr   +            c - +2 pair of gloves
SInv    .            C - +2 pair of boots {Fly}
Will    ++...        s - necklace of Bloodlust {Fury *Rage Will++ Int-3 Slay+6}
Stlth   ++++++       n - ring "Jeytykeu" {rF+ rCorr Int+3 Stlth-}
HPRegen 1.29/turn    H - ring "Unwur" {rElec rN++ Will- Int+3 Dex+6}
MPRegen 0.32/turn

%: random rage (50%)
@: flayed, flying, very slow
A: fangs 1, strong nose, distributed training, sense surroundings 1
}: 2/15 runes: decaying, serpentine
a: Renounce Religion, Bend Time, Temporal Distortion, Slouch, Step From Time


You were on level 5 of the Vaults.
You worshipped Cheibriados.
Cheibriados was exalted by your worship.
You visited 8 branches of the dungeon, and saw 39 of its levels.
You visited the Abyss 2 times.
You visited 2 bazaars.
You also visited: Ice Cave.

You collected 7521 gold pieces.
You spent 4138 gold pieces at shops.

Inventory:

Hand Weapons
 k - the +9 staff of Olgreb {rPois∞}
   (You found it on level 6 of the Dungeon)

   Radiate:   It can be activated via the 'a'bility menu to radiate toxic
   energy, with effectiveness depending on Evocations skill.
   Pois:      It enhances your poison magic.
   rPois∞: It grants immunity to poison.
 w - the +3 greatsling "Punk" (weapon) {acid, rCorr}
   (You found it on level 3 of the Elven Halls)

   rCorr:     It protects you from acid and corrosion.
Missiles
 D - 2 throwing nets
Armour
 c - a +2 pair of gloves (worn)
 i - the +8 ring mail of Exclusion (worn) {rN+ Regen+ Str+4}
   (You found it on level 8 of the Dungeon)

   Str+4:     It affects your strength (+4).
   rN+:       It protects you from negative energy.
   Regen+:    It increases your rate of health regeneration.
 C - a +2 pair of boots of flying (worn)
 E - a +5 kite shield of fire resistance (worn)
 G - the +1 hat of Negation (worn) {MP+9 Dex+3}
   (You acquired it on level 9 of the Dungeon)

   Dex+3:     It affects your dexterity (+3).
   MP+9:      It affects your magic capacity (+9).
 M - a +2 cloak of cold resistance (worn)
Magical Staves
 q - a staff of air
Jewellery
 b - the ring of the Endless Expanse {rC++ Int+6 SInv}
   (You took it off a deep elf death mage on level 3 of the Elven Halls)

   [ring of intelligence]

   Int+6:     It affects your intelligence (+6).
   rC++:      It greatly protects you from cold.
   SInv:      It lets you see invisible.
 n - the ring "Jeytykeu" (left hand) {rF+ rCorr Int+3 Stlth-}
   (You bought it in a shop on level 3 of the Vaults)

   [ring of protection from fire]

   Int+3:     It affects your intelligence (+3).
   rF+:       It protects you from fire.
   rCorr:     It protects you from acid and corrosion.
   Stlth-:    It makes you less stealthy.
 s - the necklace of Bloodlust (around neck) {Fury *Rage Will++ Int-3 Slay+6}
   (You bought it in a shop in a bazaar)

   [amulet of nothing]

   Fury:      It extends the wearer's berserk rage when killing foes.
   Int-3:     It affects your intelligence (-3).
   Slay+6:    It affects your accuracy & damage with ranged weapons and melee
   (+6).
   Will++:    It greatly increases your willpower.
   *Rage:     It berserks you when you make melee attacks (+50% chance).
 H - the ring "Unwur" (right hand) {rElec rN++ Will- Int+3 Dex+6}
   (You bought it in a shop on level 10 of the Dungeon)

   [ring of dexterity]

   Int+3:     It affects your intelligence (+3).
   Dex+6:     It affects your dexterity (+6).
   rElec:     It insulates you from electricity.
   rN++:      It greatly protects you from negative energy.
   Will-:     It decreases your willpower.
 O - an amulet of magic regeneration
 W - a +6 ring of intelligence
Talismans
 p - a granite talisman
Wands
 t - a wand of charming (54)
 u - a wand of digging (42)
 x - a wand of mindburst (87)
 y - a wand of flame (80)
 z - a wand of acid (27)
 B - a wand of iceblast (26)
 L - a wand of polymorph (4)
Scrolls
 e - 7 scrolls of poison
 f - 4 scrolls of butterflies
 g - 7 scrolls of vulnerability
 h - 3 scrolls of revelation
 j - 9 scrolls of enchant weapon
 m - 7 scrolls of blinking
 v - 3 scrolls of fog
 F - 3 scrolls of fear
 I - 5 scrolls of amnesia
 J - 18 scrolls of teleportation {@r4}
 Q - 5 scrolls of immolation
 Y - 18 scrolls of identify {@r1}
Potions
 d - 18 potions of curing {@q1}
 l - 4 potions of attraction
 A - 2 potions of might
 K - 5 potions of cancellation
 P - 6 potions of lignification
 R - 8 potions of heal wounds {@q2}
 S - 2 potions of mutation
 T - 2 potions of resistance
 U - 2 potions of ambrosia
 V - 5 potions of enlightenment
 X - 4 potions of invisibility
Miscellaneous
 a - a tin of tremorstones (2/2)
 r - a phantom mirror
 Z - a lightning rod (4/4)


   Skills:
 + Level 15.4 Fighting
 + Level 15.4 Short Blades
 + Level 15.4 Long Blades
 + Level 15.4 Axes
 + Level 15.4 Maces & Flails
 + Level 15.4 Polearms
 + Level 15.4 Staves
 + Level 15.4 Ranged Weapons
 + Level 15.4 Throwing
 + Level 15.4 Armour
 + Level 16.0 Dodging
 + Level 16.0 Stealth
 + Level 15.4 Shields
 + Level 15.4 Unarmed Combat
 + Level 16.1 Spellcasting
 + Level 13.3 Conjurations
 + Level 13.1 Hexes
 + Level 13.1 Summonings
 + Level 13.1 Necromancy
 + Level 13.1 Translocations
 + Level 13.1 Transmutations
 + Level 13.1 Fire Magic
 + Level 13.1 Ice Magic
 + Level 14.1 Air Magic
 + Level 13.1 Earth Magic
 + Level 13.1 Poison Magic
 + Level 16.7 Invocations
 + Level 15.4 Evocations
 + Level 14.2 Shapeshifting


You had 23 spell levels left.
You knew the following spells:

 Your Spells              Type           Power      Damage    Failure   Level
a - Dispel Undead         Necr           99%        3d31      1%          4
b - Plasma Beam           Fire/Air       50%        2x1d65    1%          6
c - Ignite Poison         Fire/Tmut/Pois 99%        N/A       1%          3
d - Airstrike             Air            51%        2d(8-24)  1%          4
e - Arcjolt               Conj/Air       50%        1d60      1%          5
f - Frozen Ramparts       Ice            100%       1d16      1%          3
h - Irradiate             Conj/Tmut      49%        3d28      1%          5

Your spell library contained the following spells:

 Spells                   Type           Power      Damage    Failure   Level
 Apportation              Tloc           100%       N/A       0%          1
 Freeze                   Ice            100%       1d10      0%          1
 Kiss of Death            Conj/Necr      100%       2d13      0%          1
 Necrotise                Necr           100%       1d9       0%          1
 Shock                    Conj/Air       100%       1d9       0%          1
 Sting                    Tmut/Pois      100%       1d8       0%          1
 Summon Small Mammal      Summ           100%       N/A       0%          1
 Cigotuvi's Dreadful Rot  Necr/Pois/Air  100%       N/A       0%          2
 Jinxbite                 Hex            100%       N/A       0%          2
 Poisonous Vapours        Pois/Air       100%       N/A       0%          2
 Static Discharge         Conj/Air       100%       2-7/arc   0%          2
 Wereblood                Tmut           99%        N/A       0%          2
 Swiftness                Air            100%       N/A       0%          3
 Call Canine Familiar     Summ           99%        N/A       1%          3
 Confusing Touch          Hex            99%        N/A       1%          3
 Gell's Gravitas          Tloc           99%        N/A       1%          3
 Hailstorm                Conj/Ice       99%        3d19      1%          3
 Inner Flame              Hex/Fire       99%        N/A       1%          3
 Ozocubu's Armour         Ice            99%        N/A       1%          3
 Summon Guardian Golem    Hex/Summ       99%        N/A       1%          3
 Tukima's Dance           Hex            99%        N/A       1%          3
 Vampiric Draining        Necr           99%        2d13      1%          3
 Volatile Blastmotes      Fire/Tloc      100%       2d18      1%          3
 Anguish                  Hex/Necr       49%        N/A       1%          4
 Animate Armour           Summ/Erth      100%       N/A       1%          4
 Animate Dead             Necr           99%        N/A       1%          4
 Brom's Barrelling Bould  Conj/Erth      99%        2d11      1%          4
 Cause Fear               Hex            49%        N/A       1%          4
 Fulminant Prism          Conj/Hex       49%        3d21      1%          4
 Iskenderun's Mystic Bla  Conj/Tloc      99%        2d19      1%          4
 Manifold Assault         Tloc           99%        N/A       1%          4
 Olgreb's Toxic Radiance  Pois           99%        N/A       1%          4
 Passage of Golubria      Tloc           99%        N/A       1%          4
 Sticky Flame             Conj/Fire      99%        2d11      1%          4
 Summon Lightning Spire   Summ/Air       100%       N/A       1%          4
 Vhi's Electric Charge    Tloc/Air       100%       N/A       1%          4
 Agony                    Necr           99%        N/A       1%          5
 Alistair's Intoxication  Tmut/Pois      66%        N/A       1%          5
 Borgnjor's Vile Clutch   Necr/Erth      49%        N/A       1%          5
 Fireball                 Conj/Fire      49%        3d19      1%          5
 Iskenderun's Battlesphe  Conj           99%        2d15      1%          5
 Lee's Rapid Deconstruct  Erth           49%        3d23*     1%          5
 Summon Forest            Summ/Tloc      49%        N/A       1%          5
 Yara's Violent Unravell  Hex/Tmut       49%        3d19      1%          5
 Conjure Ball Lightning   Conj/Air       50%        3x3d17    1%          6
 Dispersal                Tloc           49%        N/A       1%          6
 Eringya's Noxious Bog    Tmut/Pois      49%        4d6       1%          6
 Simulacrum               Ice/Necr       49%        N/A       1%          6
 Orb of Destruction       Conj           49%        9d13      4%          7
 Enfeeble                 Hex            49%        N/A       5%          7
 Spellforged Servitor     Conj/Summ      49%        N/A       5%          7
 Summon Hydra             Summ           49%        N/A       5%          7
 Disjunction              Tloc           49%        N/A       38%         8
 Ignition                 Fire           49%        3d14      38%         8
 Dragon's Call            Summ           49%        N/A       100%        9
 Polar Vortex             Ice            49%        12d6*     100%        9


Dungeon Overview and Level Annotations

Branches:
Dungeon (15/15)            Temple (1/1) D:6            Lair (5/5) D:10
  Swamp (4/4) Lair:2        Snake (4/4) Lair:3        Slime (0/5) Lair:4
    Orc (2/2) D:9             Elf (3/3) Orc:2        Vaults (5/5) D:14
  Crypt (0/3) Vaults:3     Depths (0/4) D:15          IceCv (visited)

Altars:
Ashenzari
Cheibriados
Dithmenos
Elyvilon
Fedhas
Gozag
Hepliaklqana
Kikubaaqudgha
Makhleb
Nemelex Xobeh
Okawaru
Qazlal
Ru
Sif Muna
Trog
Uskayaw
Vehumet
Wu Jian
Xom
Yredelemnul
Zin
The Shining One

Shops:
D:4 :   D:10 =   D:14 [*?[   Orc:2 (=?:   Elf:2 :   Vaults:2 ([(   Vaults:3 =

Portals:
Trove: D:10 (give 5 scrolls of blinking)

Annotations:
D:5 exclusion: door
D:6 1 runed translucent door
Lair:2 2 transporters, beavisfan's ghost, journeyman VSSh
Lair:4 1 runed translucent door
Elf:1 6 runed translucent doors
Elf:2 3 runed translucent doors
Vaults:2 Boris


Innate Abilities, Weirdness & Mutations

You have very sharp teeth.
Your uncanny sense of smell can sniff out nearby items.
Your experience applies equally to all skills.
You passively map a small area around you.


Message History

Casting: Arcjolt (safe; 1% risk of failure)
Confirm with . or Enter, or press ? or * to list all spells.
Electricity surges outward!
The vault warden is struck by an electric surge!!!
You kill the vault warden!
Cheibriados appreciates the change of pace.
The ironbound preserver is struck by an electric surge!!!
The ironbound preserver is heavily wounded.
The ancient lich is struck by an electric surge.
The shadow dragon is struck by an electric surge!!
The shadow dragon is heavily wounded.
The vault warden is struck by an electric surge!!
You kill the vault warden!
Cheibriados appreciates the change of pace.
The runic seals fade away.
The tentacled monstrosity resists.
The tentacled monstrosity is struck by an electric surge!
The tentacled monstrosity is moderately wounded.
The shadow dragon is struck by an electric surge!!
The shadow dragon is moderately wounded.
A lich comes into view.
The shadow dragon breathes negative energy at you.
The bolt of negative energy hits you but does no damage.
You resist. You block the ancient lich's attack.
The flayed ghost cries, "Feel what I felt!"
Terrible wounds open up all over your body!
You block the storm dragon's attack. The storm dragon claws you.
The storm dragon barely misses you.
The yaktaur captain shoots a bolt.
The bolt hits you!! The bolt freezes you.
You hear a shout!
Your Stealth skill increases to level 16!
You block the storm dragon's attack.
The storm dragon claws you but does no damage.
The storm dragon completely misses you.
The ironbound preserver casts a spell.
The ironbound preserver begins to accept its allies' injuries.
You block the shadow dragon's attack. The shadow dragon closely misses you.
The shadow dragon claws you but does no damage.
The ancient lich points at you and mumbles some strange words.
The crystal spear hits you!!!!
You die...

, , * , * , , ∆
,...#....# , * ,,
W #..#....# #
*#.##.!#....# .. *
D...#....#... , ,
, ...S.[......* ,
* #####Z.[[)...##
......)DDDD....,,,
,.....°X@p[<.... ,
.....["L<<.....
......).[†[.... ,
* #####.[[.[...#.
, * ...[..../L# *
,#p.#[...#.#. ,
p.##.....#.#, ..#
#....#c#C* , ,


You could see 3 shadow dragons, a tentacled monstrosity (sheltered), 2 ironbound
preservers, a titan, an ancient lich (sheltered), 2 storm dragons, a vault
warden (sheltered), a lich (sheltered), a yaktaur captain (sheltered), a sea
snake (sheltered), a flayed ghost and a shadow dragon simulacrum (sheltered).

Vanquished Creatures
  Margery (Vaults:5)
  Xtahua (Vaults:2)
  Bai Suzhen (Swamp:4)
  A golden dragon (Vaults:4)
  Jory (Vaults:4)
  A bone dragon (Abyss:2)
  A tentacled monstrosity (Vaults:5)
  A titan (Vaults:4)
  A sphinx (Vaults:3)
  2 deep elf blademasters (Elf:3)
  2 deep elf master archers (Elf:3)
  The ghost of Konionua the Bewitcher, an adept KoEn of Dithmenos (Vaults:2)
  2 thorn hunters
  Kirke (Lair:4)
  Aizul (Snake:4)
  2 tengu reavers
  Donald (Snake:4)
  3 fenstrider witches
  7 nagarajas
  Roxanne (D:14)
  A fire giant (Vaults:2)
  Louise (D:14)
  A shard shrike simulacrum (Abyss:2)
  7 deep elf sorcerers
  A frost giant (Vaults:4)
  16 vault wardens
  3 war gargoyles
  An orc warlord (Vaults:2)
  13 ironbound preservers
  A very ugly thing (Vaults:4)
  3 formless jellyfish
  2 stone giants
  4 ironbound thunderhulks
  A green draconian (Abyss:2)
  8 deep elf demonologists
  10 deep elf annihilators (Elf:3)
  4 eleionomae
  12 dire elephants
  A starcursed mass (Abyss:2)
  3 bunyips
  An ettin (D:15)
  8 deep elf death magi
  2 crystal guardians (Vaults:4)
  A green death (Abyss:2)
  2 shambling mangroves
  4 entropy weavers
  A fire dragon (D:15)
  A salamander tyrant (Snake:4)
  5 deep elf high priests
  5 great orbs of eyes
  13 hydras
  8 yaktaur captains
  31 vault guards
  A spriggan air mage (Swamp:3)
  Harold (D:9)
  A ghost crab (Swamp:4)
  11 anacondas
  3 peacekeepers (Vaults:4)
  8 ironbound frosthearts
  9 centaur warriors
  5 alligators
  2 death knights (Vaults:3)
  9 dancing weapons
  3 two-headed ogres
  3 boulder beetles
  20 naga warriors
  Erica (D:8)
  5 tengu warriors
  4 death yaks (Lair:3)
  3 demonic crawlers (Elf:1)
  A titan zombie (Vaults:5)
  8 naga sharpshooters
  A thrashing horror (Abyss:2)
  11 deep elf knights
  An orc high priest (Orc:2)
  Sonja (D:13)
  A spriggan berserker (Swamp:4)
  A soul eater (Abyss:2)
  11 spriggans
  4 hell knights (Vaults:5)
  14 shock serpents
  4 salamander mystics
  7 goliath frogs
  39 deep trolls
  5 spriggan druids
  8 bog bodies
  15 deep elf archers
  14 swamp dragons
  5 naga ritualists
  6 wizards
  2 large abominations (Abyss:2)
  7 lindwurms
  7 phantasmal warriors
  4 orc knights
  24 deep elf pyromancers
  4 harpies (Vaults:1)
  14 ironbound convokers
  A glowing shapeshifter (Vaults:5)
  14 mana vipers
  6 necromancers
  A wolf spider (shapeshifter) (Vaults:5)
  20 deep elf zephyrmancers
  9 orc sorcerers
  15 ugly things
  A stone giant zombie (Vaults:5)
  2 cyclopes
  7 will-o-the-wisps
  24 salamanders
  4 manticores
  A worldbinder (Abyss:2)
  11 vault sentinels
  37 black mambas
  9 guardian serpents
  28 elephants
  16 naga magi
  A black mamba (shapeshifter) (Vaults:5)
  Joseph (D:8)
  A gargoyle (D:13)
  An ice statue (IceCv)
  2 rime drakes
  20 cane toads
  2 orange demons (D:9)
  10 komodo dragons
  7 freezing wraiths
  25 yaktaurs
  Jeremiah (D:8)
  3 anaconda simulacra (IceCv)
  7 kobold demonologists
  An efreet (D:13)
  3 ancient zymes (Abyss:2)
  11 ice devils
  A red devil (Abyss:2)
  A spectral naga (Snake:3)
  A polar bear (Lair:5)
  5 trolls
  11 hornets
  A bloated husk (Swamp:2)
  A hellwing (D:9)
  13 tyrant leeches
  28 blink frogs
  A tarantella (Vaults:2)
  9 dream sheep (Lair:5)
  9 raiju (Abyss:2)
  Prince Ribbit (D:5)
  16 slime creatures
  2 small abominations (Abyss:2)
  An air elemental (Elf:3)
  A shadow (D:10)
  2 water elementals
  2 dire elephant simulacra (IceCv)
  A vampire (D:9)
  4 wyverns
  3 wraiths
  A hog (shapeshifter) (Elf:1)
  7 hogs (Lair:4)
  2 humans (D:14)
  51 yaks
  A basilisk (shapeshifter) (Elf:1)
  2 chaos spawn (Abyss:2)
  Grum (D:10)
  3 fire elementals
  6 redbacks
  7 basilisks
  4 death yak simulacra
  A neqoxec (Abyss:2)
  A swamp worm (shapeshifter) (Elf:2)
  29 vampire mosquitoes
  2 wargs (Orc:2)
  3 harpy simulacra (IceCv)
  11 swamp worms
  42 nagas
  2 acid dragons
  A hydra simulacrum (IceCv)
  12 water moccasins
  9 swamp drakes
  2 ice beasts
  14 orc warriors
  5 boggarts (Vaults:1)
  A black bear (D:7)
  13 wolves
  5 ogres (Orc:2)
  10 centaurs
  6 kobold brigands
  A phantom (D:7)
  14 bullfrogs
  6 scorpions
  4 gnoll sergeants
  A human skeleton (Vaults:5)
  An earth elemental (Elf:1)
  A glowing shapeshifter simulacrum (Vaults:5)
  2 two-headed ogre simulacra (Orc:1)
  3 cane toad simulacra
  7 wights (D:8)
  8 elephant simulacra (IceCv)
  21 killer bees
  2 howler monkeys
  6 electric eels
  4 hounds
  2 quasits
  2 gnoll boudas
  25 orc priests
  A jelly (D:7)
  Ijyb (D:5)
  An iguana (D:3)
  30 orc wizards
  2 spriggan simulacra
  2 troll simulacra (Orc:1)
  2 polar bear simulacra (IceCv)
  6 wolf simulacra
  25 gnolls
  8 adders
  2 naga simulacra (IceCv)
  2 shadow imps
  5 white imps
  2 ufetubi (IceCv)
  A dart slug (D:4)
  7 worms
  51 orcs
  7 endoplasms
  A giant cockroach (D:3)
  19 goblins
  10 hobgoblins
  20 kobolds
  3 quokkas
  9 ball pythons
  4 bats
  7 frilled lizards
  6 rats
1529 creatures vanquished.

Vanquished Creatures (collateral kills)
  A scorpion (D:6)
  An adder (D:6)
2 creatures vanquished.

Vanquished Creatures (others)
  A hydra (Swamp:4)
  A deep elf pyromancer (Elf:1)
  An air elemental (Elf:1)
  A water elemental (Elf:1)
  A fire elemental (Elf:1)
  2 redbacks (D:6)
  An orc (Elf:1)
  27 foxfires
35 creatures vanquished.

Grand Total: 1566 creatures vanquished

Notes
Turn   | Place    | Note
-------+----------+-------------------------------------------
     0 | D:1      | freelancePsychic the Gnoll Air Elementalist began the quest
                  | for the Orb.
     0 | D:1      | Reached XP level 1. HP: 13/13 MP: 6/6
   240 | D:1      | Reached XP level 2. HP: 19/19 MP: 3/7
   827 | D:1      | Reached XP level 3. HP: 25/25 MP: 7/9
   846 | D:1      | Reached skill level 5 in Spellcasting
   900 | D:1      | Learned a level 3 spell: Frozen Ramparts
  1120 | D:2      | Noticed a phantom
  1233 | D:2      | Reached skill level 1 in Invocations
  1424 | D:2      | Reached skill level 1 in Fighting
  1424 | D:2      | Reached skill level 1 in Short Blades
  1424 | D:2      | Reached skill level 1 in Long Blades
  1424 | D:2      | Reached skill level 1 in Axes
  1424 | D:2      | Reached skill level 1 in Maces & Flails
  1424 | D:2      | Reached skill level 1 in Polearms
  1424 | D:2      | Reached skill level 1 in Staves
  1424 | D:2      | Reached skill level 1 in Ranged Weapons
  1424 | D:2      | Reached skill level 1 in Throwing
  1424 | D:2      | Reached skill level 1 in Armour
  1424 | D:2      | Reached skill level 1 in Shields
  1424 | D:2      | Reached skill level 1 in Unarmed Combat
  1424 | D:2      | Reached skill level 1 in Evocations
  1808 | D:2      | Reached XP level 4. HP: 32/32 MP: 1/11
  1906 | D:2      | Reached skill level 1 in Shapeshifting
  2469 | D:3      | Reached skill level 1 in Hexes
  2469 | D:3      | Reached skill level 1 in Summonings
  2469 | D:3      | Reached skill level 1 in Necromancy
  2469 | D:3      | Reached skill level 1 in Translocations
  2469 | D:3      | Reached skill level 1 in Transmutations
  2469 | D:3      | Reached skill level 1 in Fire Magic
  2469 | D:3      | Reached skill level 1 in Ice Magic
  2469 | D:3      | Reached skill level 1 in Earth Magic
  2469 | D:3      | Reached skill level 1 in Poison Magic
  2678 | D:3      | Reached XP level 5. HP: 37/37 MP: 10/12
  3530 | D:4      | Found Muuh's Book Boutique.
  3640 | D:4      | Learned a level 4 spell: Airstrike
  3873 | D:4      | Reached XP level 6. HP: 44/44 MP: 8/14
  4404 | D:5      | Entered Level 5 of the Dungeon
  4652 | D:5      | Reached skill level 5 in Dodging
  5198 | D:5      | Noticed a water moccasin
  5363 | D:5      | Noticed Prince Ribbit
  5371 | D:5      | Killed Prince Ribbit
  5372 | D:5      | Reached XP level 7. HP: 36/51 MP: 9/15
  5502 | D:5      | Noticed Ijyb
  5521 | D:5      | Killed Ijyb
  5713 | D:6      | Noticed a redback
  5714 | D:6      | Found a runed translucent gate.
  5714 | D:6      | Found a runed translucent gate.
  5714 | D:6      | Found a runed translucent gate.
  5719 | D:6      | Found a runed translucent door.
  5719 | D:6      | Found a runed translucent door.
  5719 | D:6      | Noticed a redback
  5719 | D:6      | Noticed a redback
  5739 | D:6      | Found the +9 staff of Olgreb {rPois∞}
  5976 | D:6      | Identified the +1 robe "Ganis" {Dex+3 SInv Archmagi}
  6002 | D:6      | Found a blossoming altar of Fedhas.
  6005 | D:6      | Found an ancient bone altar of Kikubaaqudgha.
  6061 | D:6      | Found a staircase to the Ecumenical Temple.
  6079 | D:6      | Reached skill level 5 in Stealth
  6292 | Temple   | Entered the Ecumenical Temple
  6315 | Temple   | Became a worshipper of Cheibriados the Contemplative
  6493 | D:6      | Reached XP level 8. HP: 58/58 MP: 8/16
  6652 | D:6      | Identified a scroll of acquirement
  6670 | D:6      | Reached * piety under Cheibriados
  6676 | D:6      | Reached XP level 9. HP: 57/65 MP: 11/18
  6948 | D:7      | Learned a level 3 spell: Ignite Poison
  7156 | D:7      | Reached ** piety under Cheibriados
  7759 | D:7      | Reached skill level 5 in Invocations
  7980 | D:8      | Noticed Jeremiah
  7986 | D:8      | Killed Jeremiah
  8049 | D:8      | Reached *** piety under Cheibriados
  8108 | D:8      | Reached XP level 10. HP: 73/73 MP: 9/20
  8238 | D:8      | Identified the +8 ring mail of Exclusion {rN+ Regen+ Str+4}
  8332 | D:8      | Reached skill level 5 in Fighting
  8332 | D:8      | Reached skill level 5 in Short Blades
  8332 | D:8      | Reached skill level 5 in Long Blades
  8332 | D:8      | Reached skill level 5 in Axes
  8332 | D:8      | Reached skill level 5 in Maces & Flails
  8332 | D:8      | Reached skill level 5 in Polearms
  8332 | D:8      | Reached skill level 5 in Staves
  8332 | D:8      | Reached skill level 5 in Ranged Weapons
  8332 | D:8      | Reached skill level 5 in Throwing
  8332 | D:8      | Reached skill level 5 in Armour
  8332 | D:8      | Reached skill level 5 in Shields
  8332 | D:8      | Reached skill level 5 in Unarmed Combat
  8332 | D:8      | Reached skill level 5 in Evocations
  8482 | D:8      | Noticed Joseph
  8487 | D:8      | Killed Joseph
  8910 | D:9      | Noticed Erica
  8916 | D:8      | Killed Erica
  8917 | D:8      | Reached skill level 5 in Conjurations
  9029 | D:9      | Reached skill level 5 in Shapeshifting
  9154 | D:9      | Noticed Harold
  9164 | D:9      | Noticed an orange demon
  9166 | D:9      | Killed Harold
  9180 | D:9      | Killed an orange demon
  9644 | D:9      | Reached **** piety under Cheibriados
  9786 | D:9      | Acquired 1099 gold pieces
  9891 | D:9      | Found a staircase to the Orcish Mines.
 10062 | D:9      | Reached XP level 11. HP: 81/81 MP: 22/22
 10109 | D:9      | Reached skill level 5 in Hexes
 10109 | D:9      | Reached skill level 5 in Summonings
 10109 | D:9      | Reached skill level 5 in Necromancy
 10109 | D:9      | Reached skill level 5 in Translocations
 10109 | D:9      | Reached skill level 5 in Transmutations
 10109 | D:9      | Reached skill level 5 in Fire Magic
 10109 | D:9      | Reached skill level 5 in Ice Magic
 10109 | D:9      | Reached skill level 5 in Earth Magic
 10109 | D:9      | Reached skill level 5 in Poison Magic
 10391 | D:9      | Acquired the +1 hat of Negation {MP+9 Dex+3}
 10404 | D:9      | Learned a level 5 spell: Arcjolt
 10447 | D:10     | Entered Level 10 of the Dungeon
 10586 | D:10     | Found Jais's Jewellery Emporium.
 10594 | D:10     | Bought the ring "Unwur" {rElec rN++ Will- Int+3 Dex+6} for
                  | 813 gold pieces
 10616 | D:10     | Reached ***** piety under Cheibriados
 10784 | D:10     | Found a staircase to the Lair.
 10800 | D:10     | Found a portal to a secret trove of treasure.
 10810 | D:10     | Noticed a two-headed ogre
 10815 | D:10     | Killed a two-headed ogre
 10971 | D:10     | Noticed Grum
 10976 | D:10     | Killed Grum
 11353 | D:11     | Noticed a two-headed ogre
 11360 | D:11     | Killed a two-headed ogre
 11646 | D:11     | Got a moth-eaten book
 11965 | D:12     | Noticed a green ugly thing
 11971 | D:12     | Killed a green ugly thing
 12063 | D:12     | Reached XP level 12. HP: 89/89 MP: 21/24
 12206 | Orc:1    | Entered Level 1 of the Orcish Mines
 12281 | Orc:1    | Found a frozen archway.
 12403 | IceCv    | Entered an ice cave
 12502 | IceCv    | Reached ****** piety under Cheibriados
 12917 | IceCv    | Found an ancient bone altar of Kikubaaqudgha.
 13269 | IceCv    | Got a peculiar book
 13275 | IceCv    | Identified the ring "Pais" {rC- rN+ MP+9 Slay+3}
 13455 | Orc:2    | Entered Level 2 of the Orcish Mines
 13455 | Orc:2    | Found a staircase to the Elven Halls.
 13555 | Orc:2    | Paralysed by an orc sorcerer for 5 turns
 13632 | Orc:2    | Reached XP level 13. HP: 74/98 MP: 14/26
 14521 | Orc:2    | Found Bohai's Book Boutique.
 14521 | Orc:2    | Found Qeusch's Jewellery Shop.
 14522 | Orc:2    | Found Inoadoom's Antique Weapon Shop.
 14526 | Orc:2    | Found Hagyxab's Magic Scroll Boutique.
 14530 | Orc:2    | Bought a scroll of blinking for 82 gold pieces
 14551 | Orc:2    | Bought an amulet of magic regeneration for 390 gold pieces
 14558 | Orc:2    | Bought a scroll of enchant armour for 82 gold pieces
 14558 | Orc:2    | Bought a scroll of enchant armour for 82 gold pieces
 14558 | Orc:2    | Bought a scroll of teleportation for 33 gold pieces
 14558 | Orc:2    | Bought a scroll of teleportation for 33 gold pieces
 14886 | Lair:1   | Entered Level 1 of the Lair of Beasts
 14892 | Lair:1   | Learned a level 4 spell: Dispel Undead
 14928 | Lair:1   | Found a hide-covered altar of Uskayaw.
 15623 | Lair:2   | Reached skill level 10 in Spellcasting
 15945 | Lair:2   | Found a transporter.
 15954 | Lair:2   | Found a bloodstained altar of Trog.
 15954 | Lair:2   | Noticed beavisfan's ghost (journeyman VSSh)
 16035 | Lair:2   | Identified the +0 ring mail of the Bashing Gods {rPois}
 16079 | Lair:2   | Found a transporter.
 16157 | Lair:2   | Found a staircase to the Swamp.
 16157 | Lair:2   | Noticed an eleionoma
 16164 | Lair:2   | Killed an eleionoma
 16643 | Lair:3   | Reached skill level 10 in Dodging
 16793 | Lair:3   | Reached XP level 14. HP: 108/108 MP: 25/28
 16801 | Lair:3   | Reached skill level 10 in Stealth
 16970 | Lair:3   | Reached skill level 10 in Invocations
 17113 | Lair:3   | Found the +16 obsidian axe {drain, demonic, Mesm Drain Fly
                  | SInv}
 17210 | Lair:3   | Found a staircase to the Snake Pit.
 17974 | Lair:4   | Found a runed translucent door.
 17976 | Lair:4   | Found a staircase to the Slime Pits.
 18023 | Lair:4   | Noticed Kirke
 18041 | Lair:5   | Entered Level 5 of the Lair of Beasts
 19018 | Lair:5   | Reached skill level 10 in Air Magic
 19018 | Lair:5   | Reached XP level 15. HP: 115/115 MP: 22/30
 19025 | Lair:5   | Learned a level 6 spell: Plasma Beam
 19099 | Lair:5   | Reached skill level 10 in Fighting
 19099 | Lair:5   | Reached skill level 10 in Short Blades
 19099 | Lair:5   | Reached skill level 10 in Long Blades
 19099 | Lair:5   | Reached skill level 10 in Axes
 19099 | Lair:5   | Reached skill level 10 in Maces & Flails
 19099 | Lair:5   | Reached skill level 10 in Polearms
 19099 | Lair:5   | Reached skill level 10 in Staves
 19099 | Lair:5   | Reached skill level 10 in Ranged Weapons
 19099 | Lair:5   | Reached skill level 10 in Throwing
 19099 | Lair:5   | Reached skill level 10 in Armour
 19099 | Lair:5   | Reached skill level 10 in Shields
 19099 | Lair:5   | Reached skill level 10 in Unarmed Combat
 19099 | Lair:5   | Reached skill level 10 in Evocations
 19397 | Lair:5   | Found an opulent altar of Gozag.
 20062 | Lair:4   | Killed Kirke
 20374 | Snake:1  | Entered Level 1 of the Snake Pit
 21790 | Snake:2  | Reached XP level 16. HP: 110/124 MP: 27/31
 22110 | Snake:2  | Reached skill level 10 in Shapeshifting
 22495 | Snake:3  | Noticed a nagaraja
 22561 | Snake:3  | Noticed a nagaraja
 22591 | Snake:2  | Killed a nagaraja
 22667 | Snake:2  | Killed a nagaraja
 23454 | Snake:4  | Entered Level 4 of the Snake Pit
 23599 | Snake:4  | Noticed a nagaraja
 23604 | Snake:4  | Killed a nagaraja
 23641 | Snake:4  | Noticed a nagaraja
 23643 | Snake:4  | Killed a nagaraja
 23680 | Snake:4  | Noticed a nagaraja
 23683 | Snake:4  | Killed a nagaraja
 23708 | Snake:4  | Noticed Donald
 23709 | Snake:4  | Killed Donald
 23883 | Snake:4  | Reached skill level 10 in Conjurations
 24087 | Snake:4  | Noticed Aizul
 24091 | Snake:4  | Killed Aizul
 24092 | Snake:4  | Reached XP level 17. HP: 131/131 MP: 19/33
 24951 | Snake:4  | Reached skill level 10 in Hexes
 24951 | Snake:4  | Reached skill level 10 in Summonings
 24951 | Snake:4  | Reached skill level 10 in Necromancy
 24951 | Snake:4  | Reached skill level 10 in Translocations
 24951 | Snake:4  | Reached skill level 10 in Transmutations
 24951 | Snake:4  | Reached skill level 10 in Fire Magic
 24951 | Snake:4  | Reached skill level 10 in Ice Magic
 24951 | Snake:4  | Reached skill level 10 in Earth Magic
 24951 | Snake:4  | Reached skill level 10 in Poison Magic
 25944 | Snake:4  | Got a serpentine rune of Zot
 26184 | Swamp:1  | Entered Level 1 of the Swamp
 27580 | Swamp:2  | Identified the ring of Epyuqary {*Slow rElec MP+9 Dex+5}
 27681 | Swamp:2  | Acquired 1060 gold pieces
 27797 | Swamp:2  | Reached XP level 18. HP: 140/140 MP: 31/35
 28471 | Swamp:3  | Identified the +2 robe "Laqafod" {Str+4}
 28867 | Swamp:4  | Entered Level 4 of the Swamp
 28977 | Swamp:4  | Noticed Bai Suzhen
 29248 | Swamp:4  | Paralysed by a fenstrider witch for 5 turns
 29488 | Swamp:4  | Killed Bai Suzhen
 29593 | Swamp:4  | Got a decaying rune of Zot
 30097 | Elf:1    | Entered Level 1 of the Elven Halls
 30620 | Elf:1    | Reached XP level 19. HP: 144/149 MP: 30/36
 30622 | Elf:1    | Noticed a Tzitzimitl
 30727 | Elf:1    | Found a runed translucent gate.
 30727 | Elf:1    | Found a runed translucent gate.
 30727 | Elf:1    | Found a runed translucent gate.
 30727 | Elf:1    | Found a runed translucent gate.
 30727 | Elf:1    | Found a runed translucent gate.
 30734 | Elf:1    | Found a runed translucent gate.
 31556 | Elf:2    | Identified the +8 chain mail "Naikha" {rF+ Str+3}
 31719 | Elf:2    | Found an ancient bone altar of Kikubaaqudgha.
 31833 | Elf:2    | Found Divoteli's Book Boutique.
 31836 | Elf:2    | Bought a book of Changes for 180 gold pieces
 31842 | Elf:2    | Learned a level 5 spell: Irradiate
 32061 | Elf:2    | Found a runed translucent gate.
 32061 | Elf:2    | Found a runed translucent gate.
 32064 | Elf:2    | Found a runed translucent gate.
 32087 | Elf:2    | Upgraded the game from 0.31-a0-841-g038b102fc3 to
                  | 0.31-a0-844-gdc52ec4e09
 32107 | Elf:3    | Entered Level 3 of the Elven Halls
 32199 | Elf:3    | Found a shimmering blue altar of Sif Muna.
 32213 | Abyss:2  | Found a corrupted altar of Lugonu.
 32213 | Abyss:2  | Cast into level 2 of the Abyss (a deep elf sorcerer)
 32233 | Elf:3    | Escaped the Abyss
 32354 | Elf:3    | Paralysed by an air elemental for 1 turns
 32877 | Elf:3    | Identified the ring of the Endless Expanse {rC++ Int+6
                  | SInv}
 32953 | Abyss:2  | Cast into level 2 of the Abyss (a deep elf sorcerer)
 32968 | Abyss:2  | Found a corrupted altar of Lugonu.
 33373 | Abyss:2  | Noticed a bone dragon
 33381 | Abyss:2  | Killed a bone dragon
 33382 | Abyss:2  | Reached XP level 20. HP: 147/158 MP: 33/38
 33493 | Abyss:2  | Gained mutation: Your spells are a little easier to cast,
                  | but a little less powerful. [a neqoxec]
 33679 | Abyss:2  | Found a corrupted altar of Lugonu.
 33739 | Elf:3    | Escaped the Abyss
 33744 | Elf:3    | Lost mutation: Your spells are a little easier to cast, but
                  | a little less powerful. [potion of mutation]
 33744 | Elf:3    | Gained mutation: You do not regenerate when monsters are
                  | visible. [potion of mutation]
 33744 | Elf:3    | Gained mutation: Your mind is acute. (Int +4, Str/Dex -1)
                  | [potion of mutation]
 33745 | Elf:3    | Lost mutation: You do not regenerate when monsters are
                  | visible. [potion of mutation]
 33745 | Elf:3    | Lost mutation: Your mind is acute. (Int +4, Str/Dex -1)
                  | [potion of mutation]
 33745 | Elf:3    | Gained mutation: You passively map a small area around you.
                  | [potion of mutation]
 33813 | Elf:3    | Found the +12 glaive of Prune {freeze, Prune}
 33828 | Elf:3    | Identified the +10 mace "Vevynur" {freeze, Contam *Rage
                  | rElec rPois}
 33854 | Elf:3    | Found the +3 greatsling "Punk" {acid, rCorr}
 33857 | Elf:3    | Identified the +0 helmet of Seochou {rC+}
 33859 | Elf:3    | Identified the +2 spear "Dragon's Tongue" {venom, Str+2
                  | Int+5 Stlth-}
 33867 | Elf:3    | Got a graven book
 33883 | Elf:3    | Identified the +4 spear "Kargho" {venom, Str+3 Int+3}
 33885 | Elf:3    | Got a droning book
 33904 | Elf:3    | Got a peculiar book
 34844 | D:13     | Noticed Sonja
 34845 | D:13     | Killed Sonja
 34846 | D:13     | Reached skill level 15 in Invocations
 35327 | D:14     | Found Nieggu's Antique Armour Boutique.
 35344 | D:14     | Noticed Louise
 35353 | D:14     | Killed Louise
 35388 | D:14     | Found Fysao's Magic Scroll Boutique.
 35393 | D:14     | Bought a scroll of blinking for 82 gold pieces
 35393 | D:14     | Bought a scroll of teleportation for 33 gold pieces
 35461 | D:14     | Found Apnurph's Antique Armour Shoppe.
 35472 | D:14     | Bought a pair of embroidered boots for 195 gold pieces
 35474 | D:14     | Bought a pair of embroidered boots for 195 gold pieces
 35502 | D:14     | Found Zaakawoz's General Store.
 35505 | D:14     | Bought a potion of cancellation for 144 gold pieces
 35622 | D:14     | Noticed Roxanne
 35636 | D:14     | Killed Roxanne
 35878 | D:14     | Found a gate to the Vaults.
 35943 | D:15     | Entered Level 15 of the Dungeon
 36160 | D:15     | Found a staircase to the Depths.
 36338 | D:15     | Identified the amulet of Ysail {RegenMP *Slow rN+ Str+3}
 36912 | Vaults:1 | Entered Level 1 of the Vaults
 37426 | Vaults:1 | Paralysed by a formless jellyfish for 1 turns
 37507 | Vaults:1 | Reached skill level 15 in Spellcasting
 38057 | Vaults:2 | Found Qosaj's Antique Weapon Shop.
 38066 | Vaults:2 | Found a flickering gateway to a bazaar.
 38075 | Bazaar   | Entered a bazaar
 38082 | Bazaar   | Found Suedum's Weapon Shoppe.
 38087 | Bazaar   | Found Nemmas Aka's Armour Shop.
 38106 | Bazaar   | Found Oprem's Jewellery Boutique.
 38113 | Bazaar   | Found Fuluegy's Jewellery Shop.
 38130 | Bazaar   | Bought the necklace of Bloodlust {Fury *Rage Will++ Int-3
                  | Slay+6} for 498 gold pieces
 38130 | Bazaar   | Found the necklace of Bloodlust {Fury *Rage Will++ Int-3
                  | Slay+6}
 38171 | Vaults:2 | Found Tuihuadi's Antique Armour Shoppe.
 38176 | Vaults:2 | Found Biafruwe's Weapon Emporium.
 38217 | Vaults:2 | Reached skill level 15 in Dodging
 38275 | Vaults:2 | Noticed Xtahua
 38282 | Vaults:2 | Killed Xtahua
 38421 | Vaults:2 | Reached XP level 21. HP: 118/166 MP: 40/40
 38607 | Vaults:2 | Reached skill level 15 in Stealth
 39187 | Vaults:2 | Found a large runed translucent door.
 39187 | Vaults:2 | Found a large runed translucent door.
 39188 | Vaults:2 | Noticed Konionua's ghost (adept KoEn)
 39688 | Vaults:2 | Killed Konionua's ghost
 39726 | Vaults:2 | Identified the +0 leather armour of Ywnaboh {Str+3 Int+3}
 39775 | Vaults:2 | Noticed Boris
 40190 | Vaults:3 | Found Sysmieh's Jewellery Boutique.
 40202 | Vaults:3 | Bought the ring "Jeytykeu" {rF+ rCorr Int+3 Stlth-} for 850
                  | gold pieces
 40333 | Vaults:3 | Found a staircase to the Crypt.
 41082 | Vaults:4 | Found a flickering gateway to a bazaar.
 41082 | Vaults:4 | Noticed Jory
 41093 | Vaults:4 | Killed Jory
 41099 | Bazaar   | Entered a bazaar
 41099 | Bazaar   | Found Gopneonk's Antique Weapon Boutique.
 41099 | Bazaar   | Found Paloemm's Assorted Antiques.
 41130 | Bazaar   | Bought a smouldering buckler for 209 gold pieces
 41130 | Bazaar   | Identified the +3 buckler of the Lair of Beasts {rF+} (You
                  | bought it in a shop in a bazaar)
 41137 | Bazaar   | Found Ylithraw's Magic Scroll Boutique.
 41145 | Bazaar   | Bought a scroll of teleportation for 27 gold pieces
 41145 | Bazaar   | Bought a scroll of blinking for 67 gold pieces
 41152 | Bazaar   | Found Ugelich's Assorted Antiques.
 41157 | Bazaar   | Found Neasycw's General Store.
 41166 | Bazaar   | Bought a potion of heal wounds for 55 gold pieces
 41166 | Bazaar   | Bought a potion of heal wounds for 55 gold pieces
 41166 | Bazaar   | Bought a scroll of teleportation for 33 gold pieces
 41547 | Vaults:4 | Reached skill level 15 in Fighting
 41547 | Vaults:4 | Reached skill level 15 in Short Blades
 41547 | Vaults:4 | Reached skill level 15 in Long Blades
 41547 | Vaults:4 | Reached skill level 15 in Axes
 41547 | Vaults:4 | Reached skill level 15 in Maces & Flails
 41547 | Vaults:4 | Reached skill level 15 in Polearms
 41547 | Vaults:4 | Reached skill level 15 in Staves
 41547 | Vaults:4 | Reached skill level 15 in Ranged Weapons
 41547 | Vaults:4 | Reached skill level 15 in Throwing
 41547 | Vaults:4 | Reached skill level 15 in Armour
 41547 | Vaults:4 | Reached skill level 15 in Shields
 41547 | Vaults:4 | Reached skill level 15 in Unarmed Combat
 41547 | Vaults:4 | Reached skill level 15 in Evocations
 41560 | Vaults:4 | Reached XP level 22. HP: 175/175 MP: 22/41
 42367 | Vaults:5 | Entered Level 5 of the Vaults
 42368 | Vaults:5 | Noticed Margery
 42377 | Vaults:5 | Killed Margery
 42377 | Vaults:5 | Noticed a golden dragon
 42380 | Vaults:5 | Noticed an ancient lich
 42385 | Vaults:4 | Killed a golden dragon
 42560 | Vaults:5 | Killed from afar by an ancient lich

Illustrated notes

Levels and vault maps discovered:
D:1:      matt_arrival_spirals, layout_rooms, chequers_serial_rivers_large_a
D:2:      layout_loops_corners
D:3:      layout_basic
D:4:      kennysheep_the_goblin_king, layout_loops_ring,
          nicolae_inconvenience_store
D:5:      layout_basic, hangedman_abyss_or_decor_stabs, uniq_prince_ribbit1,
          uniq_ijyb
D:6:      layout_cave_pools, grunt_temple_overflow_growth_and_decay,
          minmay_temple_entry_mini_moons, st_stairs_3, nicolae_wand_duel,
          minmay_guarded_unrand_staff_of_olgreb
D:7:      layout_basic
D:8:      layout_cave_pools, patterned_corridor, uniq_joseph, uniq_jeremiah
D:9:      layout_stronghold, orc_0_dummy, serial_demonic, serial_demonic_e,
          serial_demonic_g, serial_demonic_d, serial_demonic_c, uniq_harold,
          uniq_erica
D:10:     layout_roguey, lair_entry_dummy, nicolae_trove_entry_isolated,
          serial_shops, shop, minmay_misc_feat_plants, uniq_grum
D:11:     layout_roguey
D:12:     layout_roguey
D:13:     layout_basic, uniq_sonja
D:14:     layout_roguey, hellmonk_vaults_keyhole, serial_shops,
          nicolae_shop_stone, nicolae_stop_n_shop_1, shop, kennysheep_mini,
          uniq_roxanne, uniq_louise
D:15:     hangedman_depths_entry_civil_slaughter, layout_basic,
          nrook_pool_corridor
Temple:   mainiacjoe_temple_big_plus
Lair:1:   layout_gridlike, basic_altar
Lair:2:   layout_cave_pods, alex1729_swamp_entry_worm_eleionoma, serial_bayou,
          serial_bayou_lake_a, serial_bayou_lagoon_a, serial_bayou_pond_a,
          serial_bayou_pond_a, gammafunk_ghost_wrathful_warriors, st_stairs_6
Lair:3:   layout_chaotic_city, nicolae_snake_entry_squirm,
          dreamdust_deal_with_the_devil, lemuel_fruit_tree,
          serial_bayou_shore_a, grunt_megastairs_2
Lair:4:   layout_cave_pods, slime_entry_2, infiniplex_staircase_pool,
          grunt_megastairs_3, uniq_kirke
Lair:5:   minmay_lair_end_frog_pond, layout_hall_layers, basic_altar,
          serial_bayou_pond_d, hibernation_bobbens, serial_bayou_shore_b,
          lemuel_fruit_fields
Swamp:1:  layout_basic_swamp, nicolae_swamp_feature_on_the_river_bank
Swamp:2:  layout_basic_swamp, evilmike_swamp_ruin_rubble_1
Swamp:3:  layout_basic_swamp, evilmike_swamp_ruin_house_5, swamp_pool1
Swamp:4:  swamp_basic_johnstein, layout_basic_swamp, uniq_bai_suzhen
Snake:1:  layout_layer_cave, nicolae_snake_flat_spine
Snake:2:  layout_concentric_octagons, st_stairs_6
Snake:3:  layout_cave_shapes, nicolae_snake_ghostly_warrior_ritual
Snake:4:  snake_pit_salamanders_mu, layout_onion_interference,
          nicolae_triple_integral, uniq_donald, uniq_aizul
Orc:1:    layout_caves, portal_ice_cave_entry_ice_simulacra
Orc:2:    st_orc_mages, layout_diamond_mine
Elf:1:    layout_loops_corners, orc_legates, hangedman_elf_power_crystal,
          einodemon_crawler_minivault
Elf:2:    elven_hall_of_blades_hangedman_original
          [nicolae_blade_entry_pointy_end], layout_gridlike, serial_shops,
          nicolae_shop_tiny_real_fake_doors, basic_altar,
          nicolae_fountain_basement
Elf:3:    grunt_elf_hall_asides, layout_gridlike, basic_altar
Vaults:1: ontoclasm_vaults_spin, v_misc_4, vaults_mumra_minichess_inversion,
          nicolae_vaults_little_ls, vaults_dpeg_encased_lava, v_misc_13,
          ontoclasm_vaults_ring_small, v_misc_9, ontoclasm_vaults_twist,
          nicolae_vaults_trapezoid_3, vaults_mumra_lcd,
          ontoclasm_vaults_shuriken, nicolae_vaults_trapezoid_1,
          ontoclasm_vaults_pinch, layout_vaults_maze_snakey
Vaults:2: ebering_ghost_disaster_area, v_misc_15, nicolae_vaults_sealed_display,
          nicolae_vaults_trapezoid_4, v_alt_pattern_4, v_misc_2,
          nicolae_vaults_trapezoid_lopsided_4, nicolae_vaults_diamond_1,
          hangedman_vaults_corner_blocks, st_spiral_rooms,
          nicolae_vaults_more_shelving_1, layout_vaults_quadrants, serial_shops,
          freezing_bzr, shop, shop, shop, uniq_boris, uniq_xtahua
Vaults:3: nicolae_vaults_closet_pinwheel_3, blue_anna_dwarven_crypt,
          v_alt_pattern_6, nicolae_vaults_alarming,
          nicolae_vaults_ellipses_ellipsis, v_misc_15,
          nicolae_vaults_tetromino_Z_1, hangedman_vaults_snaps,
          vaults_dpeg_diagonal, nicolae_vaults_trapezoid_3,
          nicolae_vaults_circle_grid_b, ontoclasm_vaults_idyll,
          nicolae_vaults_double_plus_1, layout_vaults_big_room, serial_shops,
          shop
Vaults:4: nicolae_vaults_little_squares_1, nicolae_vaults_two_Ls,
          nicolae_vaults_big_ls, nicolae_vaults_mini_display_case,
          nicolae_vaults_trapezoid_2, nicolae_vaults_big_angled_halls, v_misc_9,
          nicolae_vaults_twisting_passages, hangedman_vaults_impose,
          nicolae_vaults_octothorpe, st_lattice, ontoclasm_vaults_eye,
          layout_vaults_ring, serial_shops, bzr_in_the_mist, uniq_jory
Vaults:5: uniq_margery

Skill      XL: |  1  2  3  4  5  6  7  8  9 10 11 12 13 14 15 16 17 18 19 20 21 22 |
---------------+-------------------------------------------------------------------+-----
Conjurations   | 2 3 4 5 6 7 8 9 10 11 12 13 | 13.3
Spellcasting   | 5 6 7 8 9 10 11 12 13 14 15 16 | 16.1
Invocations    | 1 2 3 4 5 6 7 8 9 10 11 12 13 14 15 16 | 16.7
Fighting       | 1 2 3 4 5 6 7 9 10 11 12 13 14 15 | 15.4
Short Blades   | 1 2 3 4 5 6 7 9 10 11 12 13 14 15 | 15.4
Long Blades    | 1 2 3 4 5 6 7 9 10 11 12 13 14 15 | 15.4
Axes           | 1 2 3 4 5 6 7 9 10 11 12 13 14 15 | 15.4
Maces & Flails | 1 2 3 4 5 6 7 9 10 11 12 13 14 15 | 15.4
Polearms       | 1 2 3 4 5 6 7 9 10 11 12 13 14 15 | 15.4
Staves         | 1 2 3 4 5 6 7 9 10 11 12 13 14 15 | 15.4
Ranged Weapons | 1 2 3 4 5 6 7 9 10 11 12 13 14 15 | 15.4
Throwing       | 1 2 3 4 5 6 7 9 10 11 12 13 14 15 | 15.4
Armour         | 1 2 3 4 5 6 7 9 10 11 12 13 14 15 | 15.4
Shields        | 1 2 3 4 5 6 7 9 10 11 12 13 14 15 | 15.4
Unarmed Combat | 1 2 3 4 5 6 7 9 10 11 12 13 14 15 | 15.4
Evocations     | 1 2 3 4 5 6 7 9 10 11 12 13 14 15 | 15.4
Shapeshifting  | 1 2 3 4 5 6 7 8 9 10 11 12 13 14 | 14.2
Hexes          | 1 2 3 4 5 6 7 8 9 10 11 12 13 | 13.1
Summonings     | 1 2 3 4 5 6 7 8 9 10 11 12 13 | 13.1
Necromancy     | 1 2 3 4 5 6 7 8 9 10 11 12 13 | 13.1
Translocations | 1 2 3 4 5 6 7 8 9 10 11 12 13 | 13.1
Transmutations | 1 2 3 4 5 6 7 8 9 10 11 12 13 | 13.1
Fire Magic     | 1 2 3 4 5 6 7 8 9 10 11 12 13 | 13.1
Ice Magic      | 1 2 3 4 5 6 7 8 9 10 11 12 13 | 13.1
Earth Magic    | 1 2 3 4 5 6 7 8 9 10 11 12 13 | 13.1
Poison Magic   | 1 2 3 4 5 6 7 8 9 10 11 12 13 | 13.1
Dodging        | 5 6 7 8 9 10 11 12 13 14 15 16 | 16.0
Stealth        | 5 6 7 8 9 10 11 12 13 14 15 16 | 16.0
Air Magic      | 6 7 8 9 10 11 12 13 14 | 14.1

Action                     |  1- 3 |  4- 6 |  7- 9 | 10-12 | 13-15 | 16-18 | 19-21 | 22-24 || total
---------------------------+-------+-------+-------+-------+-------+-------+-------+-------++-------
  Melee: Short sword       |       |    48 |    34 |       |       |       |       |       ||    82
         Bite              |       |     4 |    13 |    13 |    42 |    72 |    63 |       ||   207
         Punch             |       |     1 |     1 |       |       |       |       |       ||     2
         Staff             |       |       |    47 |    93 |   256 |   356 |   388 |       ||  1140
         Unarmed           |       |       |       |       |     3 |       |       |       ||     3
   Fire: Greatsling        |       |       |       |       |       |       |  1016 |    85 ||  1101
   Cast: Shock             |    83 |   127 |    22 |       |       |       |       |       ||   232
         Frozen Ramparts   |       |     5 |     8 |       |     1 |       |       |       ||    14
         Airstrike         |       |     4 |    17 |    67 |   164 |    85 |    25 |       ||   362
         Ignite Poison     |       |       |     5 |    24 |    59 |    28 |    10 |       ||   126
         Arcjolt           |       |       |       |    21 |    16 |    24 |    51 |    18 ||   130
         Dispel Undead     |       |       |       |       |     1 |     3 |     9 |       ||    13
         Plasma Beam       |       |       |       |       |    54 |   305 |    68 |     7 ||   434
         Irradiate         |       |       |       |       |       |       |     9 |     4 ||    13
Ability: Evoke the Staff o |       |       |    10 |    38 |    62 |    35 |    16 |       ||   161
  Evoke: Wand              |       |       |     6 |     6 |       |       |       |       ||    12
         Tin of tremorston |       |       |       |       |       |     2 |       |       ||     2
    Use: Scroll            |     2 |     3 |     4 |     7 |     9 |    10 |     5 |       ||    40
         Potion            |       |     2 |     3 |     1 |     6 |     3 |     6 |     2 ||    23
   Stab: Invisible         |       |       |     1 |       |       |       |       |       ||     1
         Sleeping          |       |       |     2 |     3 |       |     2 |     2 |       ||     9
         Distracted        |       |       |       |       |     3 |     2 |     3 |       ||     8
 Armour: Robe              |     1 |     6 |       |       |       |       |       |       ||     7
         Leather armour    |       |    27 |    69 |       |       |       |       |       ||    96
         Ring mail         |       |       |       |    63 |   142 |   252 |   241 |    40 ||   738
         Skin              |       |       |       |     3 |    21 |       |       |       ||    24
  Dodge: Dodged            |     1 |    46 |    64 |   134 |   338 |   374 |   601 |    54 ||  1612
  Block: Buckler           |       |       |     6 |    60 |   178 |   120 |       |       ||   364
         Kite shield       |       |       |       |       |       |   230 |   902 |    79 ||  1211

Table legend: (Time is in decaauts)
 A = Elapsed time spent in this place.
 B = Non-inter-level travel time spent in this place.
 C = Inter-level travel time spent in this place.
 D = Time resting spent in this place.
 E = Time spent auto-exploring this place.
 F = Levels seen in this place.
 G = Mean time per level.
                   A        B        C        D        E       F      G
               +--------+--------+--------+--------+--------+-----+--------+
         Total |  62514 |  58168 |   4346 |   1951 |  47739 |  44 | 1420.8 |
       Dungeon |  19081 |  17627 |   1454 |    575 |  14858 |  15 | 1272.1 |
        Temple |     51 |      1 |     50 |      0 |      0 |   1 |   51.0 |
          Lair |  10199 |   9266 |    933 |    437 |   7730 |   5 | 2039.8 |
         Swamp |   5444 |   5088 |    356 |    440 |   3902 |   4 | 1361.0 |
     Snake Pit |   8596 |   7855 |    741 |    371 |   6425 |   4 | 2149.0 |
  Orcish Mines |   2419 |   2260 |    159 |    109 |   1781 |   2 | 1209.5 |
   Elven Halls |   5243 |   4997 |    246 |      0 |   4098 |   3 | 1747.7 |
        Vaults |   8727 |   8323 |    404 |     19 |   7009 |   5 | 1745.4 |
         Abyss |   1251 |   1251 |      0 |      0 |    884 |   2 |  625.5 |
        Bazaar |    291 |    291 |      0 |      0 |    182 |   2 |  145.5 |
      Ice Cave |   1208 |   1208 |      0 |      0 |    868 |   1 | 1208.0 |
               +--------+--------+--------+--------+--------+-----+--------+

Top non-repeatable levels by time:
 Snake:4: 3809 daAuts
Vaults:2: 2900 daAuts
  Lair:5: 2452 daAuts
  Lair:3: 2442 daAuts
   Elf:1: 2354 daAuts
Vaults:4: 2217 daAuts
  Lair:2: 2024 daAuts
  Lair:4: 2016 daAuts
   Orc:2: 1932 daAuts
     D:9: 1930 daAuts
Vaults:3: 1918 daAuts
   Elf:3: 1847 daAuts
 Snake:1: 1815 daAuts
 Snake:2: 1765 daAuts
Vaults:1: 1669 daAuts
